 Dungeon Crawl Stone Soup version 0.30-a0-4-ga7cffc901d (webtiles) character file.

Game seed: 14883254192651147814

4246 gelatine the Thaumaturge (level 10, 0/66 HPs)
             Began as a Demonspawn Fire Elementalist on Aug 22, 2022.
             Was an Initiate of Sif Muna.
             Slain by Erica
             ... wielding a +3 scimitar of flaming
              (13 damage)
             ... on level 8 of the Dungeon.
             The game lasted 00:28:59 (9637 turns).

gelatine the Thaumaturge (DsFE)                     Turns: 9637, Time: 00:28:59

Health: 0/66       AC:  7    Str: 14    XL:     10   Next: 9%
Magic:  18/22      EV: 13    Int: 23    God:    Sif Muna [......]
Gold:   290        SH:  0    Dex: 20    Spells: 22/25 levels left

rFire   . . .      SeeInvis +    y - +1 quarterstaff "Poof" {flame, rC+ Will+ Str+4 Int+4}
rCold   + . .      Faith    .    (shield currently unavailable)
rNeg    . . .      Spirit   .    a - +1 robe
rPois   .          Reflect  .    (helmet unavailable)
rElec   .          Harm     .    (no cloak)
rCorr   .          Rampage  .    h - +1 pair of gloves
Will    +....                    l - +1 pair of boots
Stlth   +++.......               s - amulet of magic regeneration
HPRegen 0.21/turn                c - +6 ring of dexterity
MPRegen 0.58/turn                k - +4 ring of slaying

@: lethally poisoned (0 -> -22)
A: antennae 3, demonic guardian 1, spiny 1
a: Renounce Religion


You were on level 8 of the Dungeon.
You worshipped Sif Muna.
Sif Muna was noncommittal.
You visited 2 branches of the dungeon, and saw 9 of its levels.

You collected 473 gold pieces.
You spent 183 gold pieces at shops.

Inventory:

Hand Weapons
 j - a +2 dagger of venom
 y - the +1 quarterstaff "Poof" (weapon) {flame, rC+ Will+ Str+4 Int+4}
   (You took it off an orc on level 7 of the Dungeon)

   It burns those it strikes, dealing additional fire damage.
   Str:       It affects your strength (+4).
   Int:       It affects your intelligence (+4).
   rC:        It protects you from cold.
   Will:      It increases your willpower.
 z - a +2 dagger of draining
 F - a +6 quarterstaff of draining
Missiles
 q - 2 throwing nets
 B - 4 silver boomerangs
Armour
 a - a +1 robe (worn)
 b - a +2 scale mail of positive energy
 h - a +1 pair of gloves (worn)
 l - a +1 pair of boots (worn)
 o - a +0 kite shield
Jewellery
 c - a +6 ring of dexterity (left hand)
 k - a +4 ring of slaying (right hand)
 s - an amulet of magic regeneration (around neck)
 C - a ring of fire
Wands
 p - a wand of digging (9)
 t - a wand of iceblast (34)
 w - a wand of flame (23)
 H - a wand of acid (12)
Scrolls
 e - a scroll of summoning {unknown}
 i - 3 scrolls of teleportation
 r - a scroll of enchant armour
 x - a scroll of amnesia
 A - a scroll of blinking {unknown}
 D - 2 scrolls of magic mapping {unknown}
 E - a scroll of poison {unknown}
 G - 2 scrolls of butterflies {unknown}
Potions
 d - a potion of haste
 f - a potion of resistance
 g - a potion of berserk rage
 m - 6 potions of curing
 n - a potion of flight
 u - a potion of might
 v - 4 potions of invisibility {unknown}
 I - a potion of ambrosia {unknown}


   Skills:
 + Level 1.5 Fighting
 + Level 2.3 Short Blades
 + Level 0.6 Staves
 + Level 0.2 Throwing
 + Level 3.0 Dodging
 + Level 3.7 Stealth
 + Level 8.1 Spellcasting
 + Level 6.4 Conjurations
 + Level 8.0 Fire Magic


You had 22 spell levels left.
You knew the following spells:

 Your Spells              Type           Power      Damage    Failure   Level
a - Foxfire               Conj/Fire      100%       2x1d9     1%          1
b - Scorch                Fire           92%        2d9       1%          2

Your spell library contained the following spells:

 Spells                   Type           Power      Damage    Failure   Level
 Magic Dart               Conj           100%       1d8       1%          1
 Shock                    Conj/Air       96%        1d9       1%          1
 Searing Ray              Conj           76%        2d7       1%          2
 Conjure Flame            Conj/Fire      42%        6-21      1%          3
 Flame Wave               Conj/Fire      42%        2d11      3%          4
 Sticky Flame             Conj/Fire      42%        2d6       3%          4
 Inner Flame              Hex/Fire       27%        N/A       4%          3
 Stone Arrow              Conj/Erth      48%        3d10      5%          3
 Ignite Poison            Fire/Tmut/Pois 21%        N/A       7%          3
 Fulminant Prism          Conj/Hex       12%        3d9       19%         4
 Ozocubu's Armour         Ice            9%         N/A       21%         3
 Swiftness                Air            9%         N/A       21%         3
 Airstrike                Air            4%         2d(1-17)  56%         4
 Animate Armour           Summ/Erth      18%        N/A       56%         4
 Metabolic Englaciation   Hex/Ice        4%         N/A       88%         5
 Simulacrum               Ice/Necr       4%         N/A       100%        6
 Lehudib's Crystal Spear  Conj/Erth      12%        10d4      100%        8


Dungeon Overview and Level Annotations

Branches:
Dungeon (8/15)             Temple (1/1) D:6
   Lair: D:8-11

Altars:
Ashenzari
Dithmenos
Fedhas
Hepliaklqana
Makhleb
Nemelex Xobeh
Okawaru
Qazlal
Ru
Sif Muna
Uskayaw
Wu Jian
Xom
Yredelemnul

Shops:
D:4 *!**:   D:7 *

Annotations:
D:8 Erica


Innate Abilities, Weirdness & Mutations

You have a pair of large antennae on your head. (SInv)
A weak demonic guardian rushes to your aid.
You are partially covered in sharp spines.


Message History

Confirm with . or Enter, or press ? or * to list all spells.
Flames lash Erica.
Erica is burned terribly!
Erica is heavily wounded.
Erica barely misses you.
Casting: Scorch (safe; 1% risk of failure)
Confirm with . or Enter, or press ? or * to list all spells.
Flames lash Erica.
Erica is burned terribly!
Erica is severely wounded.
Erica points at you and mumbles some strange words.
The bolt of poison hits you!!
You are poisoned.
The bolt of poison hits your foxfire.
Your foxfire completely resists.
You barely miss Erica.
Erica is severely wounded.
You feel very sick. Erica misses you.
Casting: Scorch (safe; 1% risk of failure)
Confirm with . or Enter, or press ? or * to list all spells.
Flames lash Erica.
Erica is burned terribly!
Erica is almost dead.
You feel very sick.
Erica points at you and mumbles some strange words.
The bolt of poison misses you. The bolt of poison hits your foxfire.
Your foxfire completely resists.
You barely miss Erica.
Erica is almost dead.
You feel very sick.
Erica hits you with a +3 scimitar of flaming!
Erica burns you.
You closely miss Erica.
Erica is almost dead.
You feel sick. Erica gestures at you while chanting.
The bolt of poison hits you!
You are more poisoned.
* * * LOW HITPOINT WARNING * * *
A demonic guardian appears!
Erica hits you with a +3 scimitar of flaming!
You die...

########..#####.####...##
{ #.........# #......
#.###.###.# ##...## #.#
#.###.##.## ##.##
#.###.......... ###
#........#### ########.#
#.# #@# #..@.5# #.....#
#..$..# #.....# #.....#
#######


You could see Erica (invisible, combustible, ally target) and a friendly
ufetubus (summoned, wandering).

Vanquished Creatures
  Joseph (D:8)
  Prince Ribbit (D:5)
  Grinder (D:5)
  Sigmund (D:5)
  Eustachio (D:6)
  2 vampire mosquitoes (D:6)
  Menkaure (D:5)
  An orc warrior (D:7)
  A sky beast (D:6)
  3 black bears
  2 centaurs
  3 ogres
  A phantom (D:5)
  A kobold brigand (D:6)
  A bullfrog (D:5)
  3 necrophages
  A scorpion (D:7)
  5 wights (D:6)
  A killer bee (D:7)
  5 howler monkeys (D:7)
  A jelly (D:6)
  2 orc priests
  2 gnoll boudas
  7 hounds
  2 iguanas
  9 orc wizards
  Terence (D:2)
  12 gnolls
  8 adders
  A shadow imp (D:6)
  3 white imps
  3 ufetubi
  2 worms
  A dart slug (D:2)
  26 orcs
  2 ball pythons
  7 endoplasms
  3 hobgoblins
  6 jackals
  11 kobolds
  5 quokkas
  4 bats
  4 frilled lizards
  8 goblins
  5 rats
171 creatures vanquished.

Vanquished Creatures (others)
  An adder (D:6)
  667 foxfires
668 creatures vanquished.

Grand Total: 839 creatures vanquished

Notes
Turn   | Place    | Note
-------+----------+-------------------------------------------
     0 | D:1      | gelatine the Demonspawn Fire Elementalist began the quest
                  | for the Orb.
     0 | D:1      | Reached XP level 1. HP: 13/13 MP: 3/3
   298 | D:1      | Gained mutation: You have a pair of small antennae on your
                  | head. [demonic ancestry]
   298 | D:1      | Reached XP level 2. HP: 19/19 MP: 1/5
   597 | D:1      | Found a faded altar of an unknown god.
  1487 | D:2      | Noticed a necrophage
  1502 | D:2      | Killed a necrophage
  1503 | D:2      | Reached XP level 3. HP: 8/24 MP: 0/6
  1503 | D:2      | Reached XP level 4. HP: 10/30 MP: 0/7
  1558 | D:2      | Learned a level 2 spell: Scorch
  2051 | D:2      | Noticed Terence
  2065 | D:2      | Killed Terence
  2079 | D:2      | Gained mutation: You are partially covered in sharp spines.
                  | [demonic ancestry]
  2079 | D:2      | Reached XP level 5. HP: 7/36 MP: 1/9
  4091 | D:4      | Noticed a black bear
  4095 | D:4      | Killed a black bear
  4096 | D:4      | Gained mutation: You have a pair of antennae on your head.
                  | [demonic ancestry]
  4096 | D:4      | Reached XP level 6. HP: 26/42 MP: 7/11
  4260 | D:4      | Found Somiged's Book Shop.
  4276 | D:4      | Found a sparkling altar of Nemelex Xobeh.
  4293 | D:4      | Found Hoqarghe's Assorted Antiques.
  4309 | D:4      | Bought a puce potion for 21 gold pieces
  4309 | D:4      | Bought a bubbling emerald potion for 21 gold pieces
  4309 | D:4      | Bought a scroll labelled HOCOAVVUME for 24 gold pieces
  4345 | D:4      | Found Lurion's General Store.
  4351 | D:4      | Bought a scroll of identify for 22 gold pieces
  4446 | D:4      | Found Woemout's Distillery.
  4449 | D:4      | Bought a potion of heal wounds for 50 gold pieces
  4449 | D:4      | Bought a potion of curing for 30 gold pieces
  4890 | D:4      | Found Qaegh's Assorted Antiques.
  4900 | D:4      | Bought a bubbling emerald potion for 15 gold pieces
  4994 | D:5      | Entered Level 5 of the Dungeon
  5052 | D:5      | Noticed Grinder
  5064 | D:5      | Killed Grinder
  5065 | D:5      | Reached XP level 7. HP: 42/47 MP: 1/13
  5160 | D:5      | Reached skill level 5 in Fire Magic
  5335 | D:5      | Reached skill level 5 in Spellcasting
  5578 | D:5      | Noticed Menkaure
  5582 | D:5      | Killed Menkaure
  5583 | D:5      | Reached XP level 8. HP: 53/53 MP: 11/16
  5618 | D:5      | Reached skill level 1 in Short Blades
  5642 | D:5      | Noticed Sigmund
  5661 | D:5      | Killed Sigmund
  5662 | D:5      | Reached skill level 1 in Fighting
  5865 | D:5      | Noticed Prince Ribbit
  5874 | D:5      | Killed Prince Ribbit
  6205 | D:6      | Found a staircase to the Ecumenical Temple.
  6211 | Temple   | Entered the Ecumenical Temple
  6426 | D:6      | Gained mutation: You have a pair of large antennae on your
                  | head. (SInv) [demonic ancestry]
  6426 | D:6      | Reached XP level 9. HP: 59/59 MP: 14/19
  6436 | D:6      | Noticed Eustachio
  6902 | D:6      | Reached skill level 5 in Conjurations
  6931 | D:6      | Killed Eustachio
  7135 | D:6      | HP: 2/59 [something (12)]
  7704 | D:6      | Found a hazy altar of Hepliaklqana.
  7705 | D:6      | Found a blossoming altar of Fedhas.
  7933 | D:7      | Identified the +1 quarterstaff "Poof" {flame, rC+ Will+
                  | Str+4 Int+4}
  8939 | D:7      | Found Noosou's General Store.
  9171 | Temple   | Became a worshipper of Sif Muna the Loreminder
  9232 | D:8      | Gained mutation: A weak demonic guardian rushes to your
                  | aid. [demonic ancestry]
  9232 | D:8      | Reached XP level 10. HP: 66/66 MP: 19/22
  9232 | D:8      | Noticed Joseph
  9236 | D:8      | Killed Joseph
  9626 | D:8      | Noticed Erica
  9637 | D:8      | Slain by Erica

Illustrated notes

Levels and vault maps discovered:
D:1:      onia_arrival_pyramid, layout_basic, chequers_ecumenical_altar_island
D:2:      layout_basic, minmay_diced_spiral, uniq_terence
D:3:      layout_rooms, ebering_dispersal_statue_hall
D:4:      layout_gridville, mainiacjoe_overflow_small_starburst, serial_shops,
          nicolae_shop_stone, nicolae_shop_waterfront, kennysheep_mini_moat,
          nicolae_lakefront_shop, shop_statue, minmay_misc_feat_square
D:5:      layout_loops_ring, uniq_menkaure, uniq_prince_ribbit1, uniq_grinder,
          uniq_sigmund
D:6:      lemuel_ice_spiral_2, layout_basic, gammafunk_temple_overflow_statue,
          minmay_temple_entry_hall, uniq_eustachio
D:7:      kennysheep_six_static_rooms, layout_loops_ring,
          mainiacjoe_overflow_alcove_2, serial_shops, nicolae_shop_crystal
D:8:      layout_loops_cross, tgw_kikubaaqudgha,
          mainiacjoe_overflow_large_starburst, uniq_erica, uniq_joseph
Temple:   nicolae_temple_godzebo

Skill      XL: |  1  2  3  4  5  6  7  8  9 10 |
---------------+-------------------------------+-----
Fire Magic     | 3 4 5 6 7 8 |  8.0
Stealth        | 2 3 |  3.7
Spellcasting   | 3 4 5 6 8 |  8.1
Dodging        | 2 3 |  3.0
Conjurations   | 2 3 4 6 |  6.4
Short Blades   | 1 2 |  2.3
Fighting       | 1 |  1.5
Staves         | |  0.6
Throwing       | |  0.2

Action                   |  1- 3 |  4- 6 |  7- 9 | 10-12 || total
-------------------------+-------+-------+-------+-------++-------
Melee: Dagger            |    14 |    32 |    37 |       ||    83
       Punch             |       |       |     1 |       ||     1
       Quarterstaff      |       |       |    21 |     6 ||    27
Throw: Throwing net      |       |       |     2 |       ||     2
 Cast: Foxfire           |    60 |   121 |   253 |     2 ||   436
       Scorch            |       |    23 |    29 |     7 ||    59
  Use: Potion            |       |     5 |     1 |       ||     6
       Scroll            |       |    12 |     4 |       ||    16
 Stab: Sleeping          |       |     1 |     1 |       ||     2
Armor: Robe              |     4 |     6 |    17 |       ||    27
Dodge: Dodged            |    14 |    28 |    57 |     4 ||   103

Table legend: (Time is in decaauts)
 A = Elapsed time spent in this place.
 B = Non-inter-level travel time spent in this place.
 C = Inter-level travel time spent in this place.
 D = Time resting spent in this place.
 E = Time spent auto-exploring this place.
 F = Levels seen in this place.
 G = Mean time per level.
                   A        B        C        D        E       F      G
               +--------+--------+--------+--------+--------+-----+--------+
         Total |   9630 |   9277 |    353 |   1095 |   6788 |   9 | 1070.0 |
       Dungeon |   9447 |   9144 |    303 |   1095 |   6687 |   8 | 1180.9 |
        Temple |    183 |    134 |     49 |      0 |    101 |   1 |  183.0 |
               +--------+--------+--------+--------+--------+-----+--------+

Top non-repeatable levels by time:
     D:2: 1850 daAuts
     D:5: 1420 daAuts
     D:7: 1379 daAuts
     D:1: 1378 daAuts
     D:6: 1254 daAuts
     D:4: 963 daAuts
     D:3: 789 daAuts
     D:8: 413 daAuts
  Temple: 183 daAuts
